AoeStats
← Sealion42

Arena

510489313Analyzed
2v2 RM · 23h ago on Oct 1, 2026· 28m 45s· 4 players
Game mode
Random Map
Map size
Medium (4 player)
Population
200
Speed
Normal
Resources
Standard
Victory
Conquest
Starting age
Dark Age
Ending age
Imperial Age
RankedLock teamsTeams togetherTeam positionsShared explorationLock speedFull tech treeHidden civsTurbo modeCheats
Victory
Defeat
🇵🇪 Cumans · Peru
1172
+17
🇨🇴 Romans · Colombia
1053
+22
🇺🇦 Spanish · Ukraine
1227
-21
🇩🇪 Hindustanis · Germany
1151
-18
frumsPG
9:50 Feudal Age
10:11 Feudal Age
14:07 Castle Age
11:54 Horse Collar
12:19 Double-Bit Axe
17:10 Bow Saw
Sealion42
10:27 Feudal Age
12:19 Double-Bit Axe
14:59 Castle Age
16:17 Loom
19:00 Town Watch
20:35 Horse Collar
22:15 Bow Saw
24:28 Heavy Plow
25:17 Wheelbarrow
EminenceShadow
5:36 Loom
8:50 Feudal Age
9:26 Double-Bit Axe
16:59 Horse Collar
19:46 Wheelbarrow
24:08 Castle Age
24:34 Gold Mining
24:26 Capped Ram
25:48 Stone Mining
27:18 Gold Shaft Mining
26:56 Bow Saw
26:51 Heavy Plow
lachanda420
3:57 Loom
10:02 Feudal Age
10:57 Man-at-Arms
16:32 Double-Bit Axe
17:04 Scale Mail Armor
18:46 Gold Mining
21:16 Forging
21:07 Horse Collar
29:05 Castle Age
29:53 Wheelbarrow
Connection lost

Rejoining the realm…

Still unreachable

The connection could not be restored.

Session expired

The server has moved on; the page needs a fresh start.